 Dungeon Crawl Stone Soup version 0.30.1-9-gdf580d7c3d (webtiles) character file.

Game seed: 1912412695813826367

37618 tkbsonic5 the Fighter (level 13, -5/134 HPs)
             Began as a Naga Wanderer on July 17, 2023.
             Was an Elder of Wu Jian.
             Slain by a skyshark (23 damage)
             ... on level 5 of the Lair of Beasts on Oct 20, 2023.
             The game lasted 00:56:05 (17940 turns).

tkbsonic5 the Fighter (Naga Wanderer)              Turns: 17940, Time: 00:56:05

Health: -5/134     AC: 15    Str: 25    XL:     13   Next: 97%
Magic:  14/14      EV:  5    Int: 11    God:    Wu Jian [****..]
Gold:   462        SH:  0    Dex: 17    Spells: 14/14 levels left

rFire   + . .        l - +8 quarterstaff of the Flying Ass {spect, rElec Will++ Str-5 Dex+3, (11,18 (x2))}
rCold   + . .        (shield currently unavailable)
rNeg    . . .        D - +2 plate armour {rPois}
rPois   +            Q - +1 hat {Will+}
rElec   +            o - scarf {rC+ rF+}
rCorr   .            (no gloves)
SInv    +            (no barding)
Will    ++++.        (no amulet) Stlth
                     k - +6 ring of strength
HPRegen 0.42/turn    F - +6 ring of strength
MPRegen 0.14/turn

%: no passive effects
@: very slow
A: AC +4, large, see invisible, deformed body, poison resistance, slowness 2,
spit poison 1, naga tail 2
a: Spit Poison, Renounce Religion, Wall Jump, Serpent's Lash


You were on level 5 of the Lair of Beasts.
You worshipped Wu Jian.
Wu Jian was greatly pleased with you.
You visited 2 branches of the dungeon, and saw 16 of its levels.

You collected 960 gold pieces.
You spent 498 gold pieces at shops.

Inventory:

Hand Weapons
 a - the +7 staff of the Meek {protect, meekguard}
   (You found it on level 7 of the Dungeon)
 l - the +8 quarterstaff of the Flying Ass (weapon) {spect, rElec Will++ Str-5 Dex+3, (11,18 (x2))}
   (You found it on level 3 of the Dungeon)

   Str:       It affects your strength (-5).
   Dex:       It affects your dexterity (+3).
   rElec:     It insulates you from electricity.
   Will:      It greatly increases your willpower.
 s - a +5 long sword of protection
 E - a +1 antimagic whip
Missiles
 j - a throwing net
 B - 69 poisoned darts (quivered)
Armour
 b - a +0 buckler
 d - a +0 chain mail
 e - a +0 ring mail
 g - a +0 robe
 o - a scarf of resistance (worn)
 r - a +0 scale mail
 D - a +2 plate armour of poison resistance (worn)
 Q - a +1 hat of willpower (worn)
Jewellery
 k - a +6 ring of strength (left hand)
 m - a ring of fire
 t - a ring of ice
 w - a ring of wizardry
 C - a ring of wizardry
 F - a +6 ring of strength (right hand)
Wands
 c - a wand of roots (1)
 n - a wand of digging (5)
 y - a wand of quicksilver (2)
 G - a wand of flame (6)
 R - a wand of charming (5)
Scrolls
 i - a scroll of immolation
 H - 2 scrolls of fear
 I - 2 scrolls of poison
 J - 4 scrolls of teleportation
 L - 2 scrolls of brand weapon
 M - 3 scrolls of identify
 O - a scroll of amnesia
Potions
 f - 2 potions of mutation
 h - a potion of flight
 p - 2 potions of cancellation
 q - 2 potions of haste
 u - 3 potions of attraction
 v - a potion of might
 x - 5 potions of resistance
 z - 10 potions of curing
 A - 6 potions of heal wounds
 K - 2 potions of lignification
 N - 2 potions of invisibility
 P - a potion of berserk rage {unknown}


   Skills:
 * Level 13.7 Fighting
 - Level 2.0 Long Blades
 - Level 1.6(8.8) Maces & Flails
 - Level 0.2(8.5) Polearms
 * Level 13.4 Staves
 + Level 6.5 Throwing
 - Level 7.6 Armour
 - Level 1.7 Stealth
 - Level 1.0 Shields
 - Level 1.0 Spellcasting
 - Level 1.1 Conjurations
 * Level 9.1 Evocations


You had 14 spell levels left.
You didn't know any spells.
Your spell library contained the following spells:

 Spells                   Type           Power      Damage    Failure   Level
 Magic Dart               Conj           12%        1d3       93%         1
 Apportation              Tloc           0%         N/A       98%         1
 Necrotise                Necr           0%         1d4       98%         1
 Summon Small Mammal      Summ           0%         N/A       98%         1
 Searing Ray              Conj           6%         2d4       98%         2
 Blink                    Tloc           0%         N/A       99%         2
 Lesser Beckoning         Tloc           0%         N/A       99%         2
 Momentum Strike          Conj/Tloc      2%         3d8       99%         2
 Sublimation of Blood     Necr           0%         N/A       99%         2
 Wereblood                Tmut           0%         N/A       99%         2
 Call Canine Familiar     Summ           0%         N/A       100%        3
 Mephitic Cloud           Conj/Pois/Air  1%         N/A       100%        3
 Summon Guardian Golem    Hex/Summ       0%         N/A       100%        3
 Tukima's Dance           Hex            0%         N/A       100%        3
 Fulminant Prism          Conj/Hex       0%         3d5       100%        4
 Passage of Golubria      Tloc           0%         N/A       100%        4
 Yara's Violent Unravell  Hex/Tmut       0%         3d3       100%        5
 Summon Hydra             Summ           0%         N/A       100%        7


Dungeon Overview and Level Annotations

Branches:
Dungeon (11/15)            Temple (0/1) D:4            Lair (5/5) D:11
  Swamp (0/4) Lair:2       Spider (0/4) Lair:3
  Slime: Lair:4-5       Orc: D:9-12

Altars:
Elyvilon
Hepliaklqana
Kikubaaqudgha
Okawaru
Ru
Sif Muna
Trog
Wu Jian
Yredelemnul
The Shining One

Shops:
D:3 *   D:5 (   D:7 :   D:9 !(

Annotations:
Lair:1 exclusion: oklob plant


Innate Abilities, Weirdness & Mutations

Your serpentine skin is tough. (AC +4)
You have supernaturally acute eyesight. (SInv)
Armour fits poorly on your strangely shaped body.
Your system is resistant to poisons. (rPois)
You cover ground very slowly.
You can spit poison.
You can use your snake-like lower body to constrict enemies.


Message History

The komodo dragon bites you but does no damage.
You thump the skyshark!
The skyshark is lightly wounded.
You constrict the skyshark.
The merfolk avatar chants a haunting song.
You resist with almost no effort.
The komodo dragon bites you but does no damage.
The skyshark bites you!
The skyshark enters a blood-rage!
The skyshark tail-slaps you but does no damage.
The skyshark tail-slaps you.
You thump the skyshark!
The skyshark is moderately wounded.
You constrict the skyshark, but do no damage.
The skyshark bites you! The skyshark tail-slaps you.
The skyshark tail-slaps you but does no damage.
The merfolk avatar chants a haunting song.
You resist with almost no effort.
You are too injured to fight recklessly!
Unknown command.
You barely miss the skyshark.
The skyshark is moderately wounded.
You constrict the skyshark.
The komodo dragon bites you but does no damage.
The skyshark bites you! The skyshark tail-slaps you.
* * * LOW HITPOINT WARNING * * *
The skyshark tail-slaps you.
* * * LOW HITPOINT WARNING * * *
As you read the scroll of fear, it crumbles to dust.
You assume a fearsome visage.
The merfolk avatar resists with some effort.
The skyshark is unaffected.
The komodo dragon looks frightened!
You constrict the skyshark!
The merfolk avatar chants a haunting song.
You resist with almost no effort. The skyshark bites you!
* * * LOW HITPOINT WARNING * * *
The skyshark tail-slaps you but does no damage. x2
The air fills with toxic fumes!
As you read the scroll of poison, it crumbles to dust.
You constrict the skyshark. The skyshark bites you!!
You die...

.................†......^
...~~~.~..~§§§§.†§§§.....
#~~##~~#~P~~§§P##§§~~~...
#~~ #~~~~~~~#§§##§§##~...
~. .~~..~~.P~§§§§§~~~....
~.~#.#~~~~~§§§§~~~~#..
~P##~##§§#~##..§.
.~⌠#§§§#§#§§§§. ~
#~#@§§§§§#.. #§l§#§§§§§§P
8§§§§l#~##§§§ §§§§§§§§# #
~.§ §§m§§§§§§ §§§§§§§§§
§#§§§§P§# §8§#§§§#


You could see a merfolk avatar, a skyshark (berserk) and a komodo dragon
(fleeing).

Vanquished Creatures
  Gastronok (Lair:2)
  Snorg (Lair:3)
  Fannar (Lair:2)
  Erica (Lair:2)
  A hydra (Lair:5)
  A boulder beetle (Lair:2)
  A two-headed ogre (D:10)
  A catoblepas (Lair:5)
  4 death yaks (Lair:4)
  2 skysharks
  A sea snake (Lair:5)
  Pikel (D:4)
  A manticore (D:11)
  8 elephants
  4 black mambas
  3 cane toads
  2 unseen horrors
  4 komodo dragons
  2 rime drakes
  A hornet (D:7)
  A troll (D:11)
  4 polar bears
  8 blink frogs
  6 dream sheep (Lair:2)
  A jumping spider (Lair:3)
  2 culicivoras (Lair:3)
  A vampire (D:10)
  50 yaks
  A basilisk (Lair:4)
  5 steam dragons
  2 redbacks (Lair:3)
  Menkaure (D:7)
  2 acid dragons
  4 swamp worms (Lair:4)
  17 water moccasins
  An ice beast (D:5)
  3 orc warriors
  A sky beast (D:4)
  3 wolves (Lair:3)
  3 black bears
  2 ogres
  3 centaurs
  A lemure (D:4)
  2 phantoms
  3 kobold brigands
  16 bullfrogs
  A gnoll sergeant (D:11)
  2 scorpions (D:5)
  8 wights
  14 killer bees
  5 howler monkeys
  9 electric eels
  3 hounds
  2 jellies (D:6)
  2 gnoll boudas
  A sleepcap (D:8)
  6 orc priests
  Ijyb (D:5)
  3 iguanas
  14 orc wizards
  A mummy (D:4)
  11 gnolls
  4 adders
  A shadow imp (D:7)
  A white imp (D:5)
  3 ufetubi
  3 worms (D:3)
  31 orcs
  9 endoplasms
  2 giant cockroaches
  8 goblins
  8 hobgoblins
  8 jackals (D:1)
  16 kobolds
  3 quokkas
  4 ball pythons
  4 bats
  2 frilled lizards
  A hobgoblin zombie (D:4)
  A kobold zombie (D:4)
  6 rats
382 creatures vanquished.

Vanquished Creatures (others)
  A quokka (D:8)
  A spectral weapon (Lair:4)
2 creatures vanquished.

Grand Total: 384 creatures vanquished

Notes
Turn   | Place    | Note
-------+----------+-------------------------------------------
     0 | D:1      | tkbsonic5 the Naga Wanderer began the quest for the Orb.
     0 | D:1      | tkbsonic5 set off with the following items: a +0 club, a +0
                  | buckler, a scroll of silence, a +0 chain mail; and the
                  | following spell memorised: Magic Dart; and the following
                  | spells available to memorise: Mephitic Cloud.
     0 | D:1      | Reached XP level 1. HP: 18/18 MP: 2/2
   313 | D:1      | Reached XP level 2. HP: 25/25 MP: 3/3
   320 | D:1      | Reached skill level 1 in Maces & Flails
   556 | D:1      | Reached XP level 3. HP: 30/32 MP: 4/4
  1524 | D:2      | Reached skill level 1 in Long Blades
  1635 | D:2      | Reached XP level 4. HP: 40/40 MP: 5/5
  1777 | D:3      | Found an ornate altar of the Wu Jian Council.
  1841 | D:3      | Found Poyj Yqa's Assorted Antiques.
  1850 | D:3      | Bought an inky potion for 26 gold pieces
  1850 | D:3      | Bought a viscous yellow potion for 26 gold pieces
  1850 | D:3      | Bought a sedimented clear potion for 26 gold pieces
  1920 | D:3      | Reached skill level 1 in Evocations
  2080 | D:3      | Reached XP level 5. HP: 46/46 MP: 6/6
  2178 | D:3      | Identified the +8 quarterstaff of the Flying Ass {spect,
                  | rElec Will++ Str-5 Dex+3}
  2223 | D:3      | Became a worshipper of the Wu Jian Council
  2701 | D:3      | Found a sacrificial altar of Ru.
  2830 | D:4      | Found a hazy altar of Hepliaklqana.
  3016 | D:4      | Noticed a sky beast
  3024 | D:4      | Killed a sky beast
  3025 | D:4      | Reached skill level 1 in Staves
  3025 | D:4      | Reached XP level 6. HP: 56/56 MP: 7/7
  3093 | D:4      | Found an ancient bone altar of Kikubaaqudgha.
  3118 | D:4      | Found a staircase to the Ecumenical Temple.
  3193 | D:4      | Noticed Pikel
  3200 | D:4      | Killed Pikel
  3201 | D:4      | Reached skill level 5 in Armour
  3201 | D:4      | Reached XP level 7. HP: 48/66 MP: 8/8
  3409 | D:4      | Reached skill level 5 in Fighting
  3409 | D:4      | Reached XP level 8. HP: 54/74 MP: 9/9
  3881 | D:5      | Entered Level 5 of the Dungeon
  4154 | D:5      | Noticed Ijyb
  4167 | D:5      | Killed Ijyb
  4175 | D:5      | Reached skill level 5 in Staves
  4391 | D:5      | Reached * piety under Wu Jian
  4460 | D:5      | Found Aceopp's Antique Weapon Emporium.
  4716 | D:5      | Found a basalt altar of Yredelemnul.
  4727 | D:5      | Found a glowing golden altar of the Shining One.
  4766 | D:5      | Noticed an angel
  4821 | D:6      | Reached XP level 9. HP: 81/85 MP: 10/10
  5073 | D:6      | Reached ** piety under Wu Jian
  5669 | D:7      | Found a bloodstained altar of Trog.
  5679 | D:7      | Noticed a hornet
  5689 | D:7      | Killed a hornet
  5751 | D:7      | Found Zufron's Tiny Tomes.
  6119 | D:7      | Found the +7 staff of the Meek {protect, meekguard}
  6597 | D:7      | Noticed Menkaure
  6601 | D:7      | Killed Menkaure
  6882 | D:8      | Found a white marble altar of Elyvilon.
  6949 | D:8      | Reached XP level 10. HP: 96/96 MP: 11/11
  7757 | D:9      | Reached *** piety under Wu Jian
  7905 | D:9      | Found Soumubb's Distillery.
  8022 | D:9      | Reached skill level 5 in Evocations
  8118 | D:9      | Bought a potion of curing for 45 gold pieces
  8118 | D:9      | Bought a potion of heal wounds for 75 gold pieces
  8118 | D:9      | Bought a potion of curing for 45 gold pieces
  8118 | D:9      | Bought a potion of curing for 45 gold pieces
  8118 | D:9      | Bought a potion of might for 60 gold pieces
  8144 | D:9      | Found Qicoaga's Weapon Emporium.
  8243 | D:9      | Reached XP level 11. HP: 101/108 MP: 12/12
  8424 | D:9      | Found an iron altar of Okawaru.
  8490 | D:9      | Reached skill level 10 in Fighting
  9170 | D:10     | Entered Level 10 of the Dungeon
  9185 | D:10     | Noticed a two-headed ogre
  9195 | D:10     | Killed a two-headed ogre
  9196 | D:10     | Reached skill level 1 in Throwing
  9201 | D:10     | Reached **** piety under Wu Jian
  9389 | D:10     | Found a shimmering blue altar of Sif Muna.
 10579 | D:11     | Noticed a manticore
 10584 | D:11     | Killed a manticore
 10716 | D:11     | Reached skill level 10 in Staves
 11219 | D:11     | Found a staircase to the Lair.
 11566 | D:9      | Bought a potion of haste for 150 gold pieces
 11784 | Lair:1   | Entered Level 1 of the Lair of Beasts
 11788 | Lair:1   | Upgraded the game from 0.30.1-1-g62c8e00024 to
                  | 0.30.1-3-gfc49f6343a
 11788 | Lair:1   | Upgraded the game from 0.30.1-3-gfc49f6343a to
                  | 0.30.1-4-g462c640d31
 11794 | Lair:1   | Upgraded the game from 0.30.1-4-g462c640d31 to
                  | 0.30.1-9-gdf580d7c3d
 11943 | Lair:1   | Noticed an oklob plant
 12219 | Lair:1   | Reached XP level 12. HP: 116/120 MP: 13/13
 12894 | Lair:2   | Noticed Fannar
 12921 | Lair:2   | Killed Fannar
 13131 | Lair:2   | Noticed a boulder beetle
 13151 | Lair:2   | Killed a boulder beetle
 13827 | Lair:2   | Found a staircase to the Swamp.
 14273 | Lair:2   | Reached ***** piety under Wu Jian
 14402 | Lair:2   | Noticed Erica
 14407 | Lair:2   | Killed Erica
 14628 | Lair:2   | Reached skill level 5 in Throwing
 14805 | Lair:2   | Noticed Gastronok
 14824 | Lair:2   | Killed Gastronok
 15011 | Lair:3   | Gained mutation: You can use your snake-like lower body to
                  | constrict enemies. [Naga growth]
 15011 | Lair:3   | Reached XP level 13. HP: 117/130 MP: 14/14
 15011 | Lair:3   | Noticed Snorg
 15029 | Lair:3   | Killed Snorg
 15484 | Lair:3   | Found a hole to the Spider Nest.
 16510 | Lair:4   | HP: 4/133 [death yak (22)]
 17666 | Lair:5   | Entered Level 5 of the Lair of Beasts
 17940 | Lair:5   | Slain by a skyshark

Illustrated notes

Levels and vault maps discovered:
D:1:      reono_arrival_mine, layout_basic
D:2:      layout_loops_ring
D:3:      layout_basic, nicolae_wu_jian_wuxing_cycle,
          mainiacjoe_overflow_brackets, serial_shops, nicolae_lakefront_shop,
          minmay_tree_intersection, chequers_serial_rivers_micro_b,
          minmay_goblin_kobold_house
D:4:      layout_loops_ring, worldfamousw_hep_ancestral_shrine,
          nicolae_kikubaaqudgha_miasma_corner, minmay_temple_entry_hall,
          nicolae_ossuary_entry_giza, uniq_pikel
D:5:      layout_gridville, grunt_temple_overflow_holy_war, serial_shops, shop,
          uniq_ijyb
D:6:      layout_loops_ring, serial_bayou_ford_a
D:7:      layout_loops_ring, mainiacjoe_overflow_cross_hatched,
          nicolae_shop_i_like_small_books_too, kennysheep_donut,
          pf_guarded_unrand_meek, uniq_menkaure
D:8:      layout_cave_pods, elyvilon_altar_4, minivault_25
D:9:      layout_basic, mainiacjoe_overflow_surrounded_room, serial_shops,
          nicolae_shop_stone, shop
D:10:     layout_cave_pods, led_sif_book
D:11:     layout_loops_cross, lair_entry_dummy, water_boxes_lemuel
Lair:1:   layout_cave_pods, minmay_lair_oklob_bushes
Lair:2:   layout_cave_pods, minmay_swamp_entry_eels, st_stairs_11,
          chequers_serial_rivers_large_a, nzn_sisyphean_effort, uniq_erica,
          uniq_gastronok, uniq_fannar
Lair:3:   layout_chaotic_city, nicolae_spider_entry_tight_spaces,
          lightli_volcano_entry_magma_tube, uniq_snorg
Lair:4:   layout_small_grid, worms_lemuel, grunt_megastairs_5
Lair:5:   gammafunk_lair_ancient_temple, layout_big_grid,
          minmay_slime_entry_oklob_enclosed, pond

Skill      XL: |  1  2  3  4  5  6  7  8  9 10 11 12 13 |
---------------+----------------------------------------+-----
Maces & Flails | 1 |  1.6
Fighting       | 2 3 4 5 6 8 9 11 12 13 | 13.7
Long Blades    | 1 2 |  2.0
Evocations     | 1 3 5 6 7 9 |  9.1
Staves         | 1 3 4 5 7 9 10 12 13 | 13.4
Armour         | 5 6 7 |  7.6
Throwing       | 3 5 6 |  6.5
Polearms       | |  0.2
Stealth        | |  1.7
Shields        | |  1.0
Spellcasting   | |  1.0
Conjurations   | |  1.1

Action                     |  1- 3 |  4- 6 |  7- 9 | 10-12 | 13-15 || total
---------------------------+-------+-------+-------+-------+-------++-------
  Melee: Dagger            |    28 |       |       |       |       ||    28
         Club              |    36 |       |       |       |       ||    36
         Long sword        |    52 |    22 |       |       |       ||    74
         Trident           |       |    12 |       |       |       ||    12
         Quarterstaff      |       |    35 |   137 |   373 |   179 ||   724
         Constrict         |       |       |       |       |    52 ||    52
  Throw: Boomerang         |       |       |       |    66 |       ||    66
         Dart              |       |       |       |    36 |    23 ||    59
         Throwing net      |       |       |       |     2 |     1 ||     3
   Cast: Magic Dart        |     3 |       |       |       |       ||     3
 Invoke: Heavenly Storm    |       |       |       |       |     1 ||     1
Ability: Spit Poison       |    35 |    16 |    38 |    17 |     1 ||   107
         Lunge             |       |       |    23 |    24 |    14 ||    61
         Wall Jump         |       |       |     3 |     7 |     2 ||    12
         Whirlwind         |       |       |       |     4 |       ||     4
  Evoke: Wand              |       |     2 |    11 |    40 |    14 ||    67
    Use: Scroll            |     5 |     5 |     9 |    10 |     4 ||    33
         Potion            |       |     6 |     6 |     1 |       ||    13
   Stab: Invisible         |       |       |     1 |       |       ||     1
         Distracted        |       |       |       |     7 |     1 ||     8
 Armour: Robe              |     1 |       |       |       |       ||     1
         Chain mail        |    71 |    62 |    45 |    40 |       ||   218
         Skin              |       |    28 |       |       |       ||    28
         Plate armour      |       |       |       |   114 |    67 ||   181
  Dodge: Dodged            |    31 |    28 |    30 |    66 |    26 ||   181
  Block: Buckler           |    23 |    18 |       |       |       ||    41
